 Dungeon Crawl Stone Soup version 0.14.0-17-gc0b17a5 (webtiles) character file.

203 Infinimo the Sneak (level 5, 0/30 HPs)
             Began as a Kobold Assassin on Apr 19, 2014.
             Killed from afar by Natasha (7 damage)
             ... with a wand of flame
             ... on Level 3 of the Dungeon.
             The game lasted 00:03:52 (2534 turns).

Infinimo the Sneak (Kobold Assassin)                Turns: 2534, Time: 00:03:52

HP   0/30        AC  3     Str 11      XL: 5   Next: 16%
MP   5/5         EV 14     Int 10      God:
Gold 91          SH  0     Dex 16      Spells:  0 memorised,  4 levels left

rFire  . . .     SeeInvis .     j - +0 cutlass
rCold  . . .     Clarity  .     c - +0 robe
rNeg   . . .     Conserve .     (no shield)
rPois  .         rCorr    .     (no helmet)
rElec  .         rRot     .     d - +0 cloak
SustAb . .       Spirit   .     (no gloves)
rMut   .         Warding  .     (no boots)
Saprov + + .     Stasis   .     (no amulet)
MR     .....                    (no ring)
                                (no ring)

@: not resistant to hostile enchantments, very stealthy
A: disease resistance, carnivore 3, sense surroundings 1, saprovore 2
a: no special abilities


You were on level 3 of the Dungeon.
You were not hungry.

You visited 1 branch of the dungeon, and saw 3 of its levels.

You collected 91 gold pieces.

Inventory:

Hand weapons
 a - a +2,+2 dagger
 b - a +0 blowgun
 j - a +0,+0 cutlass (weapon)
Missiles
 e - 8 poisoned needles
 f - 2 curare-tipped needles
Armour
 c - a +0 robe (worn)
 d - a +0 cloak (worn)
Comestibles
 g - 2 meat rations
Scrolls
 h - 3 scrolls of identify
 k - a scroll of recharging
 l - a scroll of magic mapping {unknown}
 p - a scroll of teleportation
Potions
 i - a potion of brilliance {unknown}
 m - a potion of cure mutation {unknown}
 n - a potion of heal wounds {unknown}
 o - 2 potions of curing {unknown}


   Skills:
 - Level 2.1 Fighting
 + Level 4.9 Short Blades
 - Level 2.6 Throwing
 - Level 1.2 Dodging
 + Level 7.1 Stealth


You had 4 spell levels left.
You didn't know any spells.

Dungeon Overview and Level Annotations

Branches:
Dungeon (3/15)

Altars:
Nemelex Xobeh
Xom

Annotations:
D:3 Natasha


Innate Abilities, Weirdness & Mutations

You recuperate from illness quickly.
You are small and have problems with some larger weapons.
You are carnivorous and can eat meat at any time.
You can eat rotten meat.
You passively map a small area around you.


Message History

You are too injured to fight recklessly!
You are too injured to fight recklessly!
You hit Natasha.
Natasha is severely wounded.
Natasha closely misses you.
You hit Natasha but do no damage.
Natasha is severely wounded.
Natasha zaps a wand.
You hit Natasha but do no damage.
Natasha is severely wounded.
Natasha zaps a wand.
The puff of flame hits you!
* * * LOW HITPOINT WARNING * * *
Natasha is severely wounded.
Natasha mumbles some strange words.
You hit Natasha.
Natasha is severely wounded.
Natasha gestures.
You have a terrible headache.
Natasha zaps a wand.
The puff of flame hits you!
You die...

#...........#*,#......#
#...........##.#......#
#...........##........#
#...........####.......
##########'## #......#
###.# ###.#### #...# #.
* #####'### #. *
#..@....# ,* #.h.....#
* * * #5......+ , ,
#.......# #.......# ,
#.......# , #.......# *
#.......# , $...


You could see Natasha and a white imp.

Vanquished Creatures
  Terence (D:3)
  5 adders
  A giant mite (D:2)
  2 worms (D:3)
  A giant gecko (D:1)
  4 bats
  7 hobgoblins
  4 kobolds
  A ball python (D:2)
  2 giant cockroaches (D:1)
  2 giant newts
  5 goblins
  7 rats
42 creatures vanquished.

Notes
Turn   | Place    | Note
--------------------------------------------------------------
     0 | D:1      | Infinimo, the Kobold Assassin, began the quest for the Orb.
     0 | D:1      | Reached XP level 1. HP: 12/12 MP: 1/1
     0 | D:1      | Noticed a green draconian
     0 | D:1      | Noticed a large abomination
     1 | D:1      | Noticed an orb of fire
     3 | D:1      | Noticed a tentacled monstrosity
     5 | D:1      | Noticed a shadow dragon
     6 | D:1      | Noticed an iron dragon
     7 | D:1      | Noticed an orb of fire
     8 | D:1      | Noticed an iron dragon
    10 | D:1      | Noticed an orb of fire
    10 | D:1      | Noticed a large abomination
    12 | D:1      | Noticed an iron dragon
    12 | D:1      | Noticed a tentacled monstrosity
    13 | D:1      | Noticed an ice dragon
    14 | D:1      | Noticed a large abomination
    14 | D:1      | Noticed a tentacled monstrosity
    16 | D:1      | Noticed a large abomination
    16 | D:1      | Noticed a shadow dragon
    18 | D:1      | Noticed a tentacled monstrosity
    19 | D:1      | Noticed an orb of fire
   477 | D:1      | Found a shimmering altar of Xom.
   477 | D:1      | Found a shimmering altar of Xom.
   477 | D:1      | Found a shimmering altar of Xom.
   557 | D:1      | Found a shimmering altar of Xom.
   665 | D:1      | Reached XP level 2. HP: 17/17 MP: 2/2
  1281 | D:2      | Reached skill level 6 in Stealth
  1316 | D:2      | Reached XP level 3. HP: 21/21 MP: 3/3
  1365 | D:2      | Gained mutation: You passively map a small area around you. [potion of beneficial mutation]
  1385 | D:2      | Found a sparkling altar of Nemelex Xobeh.
  1454 | D:2      | Reached XP level 4. HP: 14/26 MP: 4/4
  2418 | D:3      | Reached XP level 5. HP: 15/30 MP: 5/5
  2433 | D:3      | Noticed Terence
  2438 | D:3      | Killed Terence
  2438 | D:3      | Reached skill level 7 in Stealth
  2524 | D:3      | Noticed Natasha
  2534 | D:3      | Killed from afar by Natasha

Action                   |  1- 3 |  4- 6 || total
-------------------------+-------+-------++-------
Melee: Dagger            |    69 |    52 ||   121
       Cutlass           |       |    21 ||    21
 Fire: Blowgun           |       |     4 ||     4
  Use: Scroll            |     4 |       ||     4
       Potion            |     1 |       ||     1
 Stab: Sleeping          |     7 |     4 ||    11
